AoeStats
← NPG | Shimishi Maki

Nomad

508771289Analyzed
4v4 RM · 8d ago on Sep 24, 2026· 33m 21s· 8 players
Game mode
Random Map
Map size
231×231
Population
200
Speed
Normal
Resources
Standard
Victory
Conquest
Starting age
Dark Age
Ending age
Imperial Age
RankedLock teamsTeams togetherTeam positionsShared explorationLock speedFull tech treeHidden civsTurbo modeCheats
Victory
Defeat
1647
+11
🇧🇷 Danes · Brazil
1462
+18
🇨🇱 Varangians · Chile
1458
+19
🇨🇱 Persians · Chile
1282
+25
🇨🇱 Danes · Chile
1701
-26
🇲🇽 Dravidians · Mexico
1557
-20
🇲🇽 Italians · Mexico
1440
-15
🇲🇽 Persians · Mexico
1368
-12
Paradigma
12:52 Feudal Age
15:35 Double-Bit Axe
16:53 Fletching
21:57 Castle Age
20:46 Loom
21:33 Forging
21:23 Scale Mail Armor
21:23 Horse Collar
22:58 Bow Saw
22:33 Fishing Lines
23:14 Bodkin Arrow
23:19 Padded Archer Armor
23:37 Chain Mail Armor
23:43 Town Watch
25:25 Husbandry
27:32 Heavy Plow
29:06 Bloodlines
30:26 Wheelbarrow
33:52 Iron Casting
33:38 Squires
33:24 Arson
NPG | DR@CA
5:53 Loom
12:08 Feudal Age
12:43 Double-Bit Axe
19:26 Horse Collar
23:06 Town Watch
23:41 Stone Mining
23:48 Fishing Lines
27:49 Castle Age
26:11 Gold Mining
28:13 Fletching
28:58 Bodkin Arrow
29:07 Gillnets
32:47 Wheelbarrow
33:13 Medium Warships
NPG | Kraxher
3:17 Loom
13:11 Feudal Age
17:30 Castle Age
15:58 Stone Mining
16:42 Double-Bit Axe
17:44 Fletching
18:30 Bodkin Arrow
30:41 Wheelbarrow
32:56 Murder Holes
NPG | Shimishi Maki
12:24 Loom
14:24 Feudal Age
15:44 Double-Bit Axe
15:41 Fishing Lines
19:21 Castle Age
18:02 Forging
20:18 Medium Warships
19:59 Gillnets
20:20 Bow Saw
21:55 Stone Mining
22:41 Fletching
23:14 Crossbowman
23:53 Bodkin Arrow
23:51 Gold Mining
25:01 Wheelbarrow
24:12 Town Watch
25:33 Ballistics
26:14 Padded Archer Armor
26:13 Horse Collar
29:03 Stone Shaft Mining
32:45 Imperial Age
31:54 Masonry
David Rasie
4:31 Loom
13:52 Feudal Age
18:26 Castle Age
16:50 Double-Bit Axe
19:27 Town Watch
23:41 Horse Collar
26:42 Scale Mail Armor
28:05 Wheelbarrow
28:51 Scale Mail Armor
30:53 Forging
31:14 Arson
Chechito
3:53 Loom
12:44 Feudal Age
13:41 Double-Bit Axe
19:37 Castle Age
18:08 Fletching
18:23 Scale Mail Armor
19:55 Fishing Lines
21:00 Medium Warships
20:13 Demolition Ship
22:20 Bow Saw
23:01 Man-at-Arms
23:46 Squires
24:05 Chain Mail Armor
23:49 Long Swordsman
24:14 Gambesons
24:16 Arson
27:46 Gillnets
29:02 Horse Collar
30:10 Fletching
31:27 Bodkin Arrow
32:15 Wheelbarrow
VX | Xhelazz
5:04 Loom
14:16 Feudal Age
19:42 Town Watch
19:48 Double-Bit Axe
22:08 Castle Age
20:56 Stone Mining
21:14 Fletching
24:10 Bow Saw
32:30 Padded Archer Armor
VX | PacoJaramillo
14:56 Feudal Age
16:04 Double-Bit Axe
18:25 Castle Age
17:56 Forging
20:06 Loom
21:38 Fletching
28:52 Horse Collar
29:54 Wheelbarrow
Connection lost

Rejoining the realm…

Still unreachable

The connection could not be restored.

Session expired

The server has moved on; the page needs a fresh start.